 Dungeon Crawl Stone Soup version 0.20-a0-809-gaf7f668 (webtiles) character file.

46 Gorglomux the Cutter (level 3, -3/28 HPs)
             Began as a Vampire Chaos Knight on Mar 3, 2017.
             Slain by a shadow imp (5 damage)
             ... summoned by the capriciousness of Xom
             ... on level 2 of the Dungeon.
             The game lasted 00:04:06 (1008 turns).

Gorglomux the Cutter (Vampire Chaos Knight)         Turns: 1008, Time: 00:04:07

Health: -3/28      AC:  5    Str: 11    XL:     3   Next: 44%
Magic:  1/3        EV: 12    Int: 14    God:    Xom [...*..]
Gold:   57         SH:  0    Dex: 14    Spells: 2/2 levels left

rFire    . . .     SeeInvis +   a - +0 short sword (chaos)
rCold    . . .     Gourm    .   b - +2 leather armour
rNeg     + . .     Faith    .   (no shield)
rPois    .         Spirit   .   (no helmet)
rElec    .         Reflect  .   (no cloak)
rCorr    .         Harm     .   (no gloves)
MR       .....                  (no boots)
Stlth    ++........             (no amulet)
Regen    0.1/turn               (no ring)
MPRegen  0.1/turn               (no ring)

@: very slightly contaminated
A: fangs 3, see invisible, unbreathing
a: Bat Form, Renounce Religion


You were on level 2 of the Dungeon.
You worshipped Xom.
You were a favourite toy of Xom.
You were not thirsty.

You visited 1 branch of the dungeon, and saw 2 of its levels.

You collected 57 gold pieces.

Inventory:

Hand Weapons
 a - a +0 short sword of chaos (weapon)
Armour
 b - a +2 leather armour (worn)
Scrolls
 e - a scroll of enchant armour {unknown}
 f - 3 scrolls of identify {unknown}
 g - a scroll of remove curse {unknown}
Potions
 c - 8 potions of blood
 d - a potion of curing {unknown}
 h - a potion of brilliance {unknown}


   Skills:
 - Level 2.6 Fighting
 + Level 3.8 Short Blades
 - Level 0.7 Armour
 + Level 2.9 Dodging
 + Level 3.0 Stealth


You had 2 spell levels left.
You didn't know any spells.

Dungeon Overview and Level Annotations

Branches:
Dungeon (2/15)

Altars:


Innate Abilities, Weirdness & Mutations

You have razor-sharp teeth.
You have supernaturally acute eyesight. (SInv)
You can survive without breathing.


Message History

Your +0 short sword of chaos unmelds from your body.
Your +2 leather armour unmelds from your body.
Your +0 short sword of chaos is briefly surrounded by a scintillating aura of random colours.
The shadow imp barely misses you.
You hit the shadow imp.
The shadow imp flickers and vanishes for a moment.
The shadow imp is heavily wounded.
You hit the shadow imp but do no damage.
Your bite misses the shadow imp.
The shadow imp is heavily wounded.
The shadow imp hits you.
* * * LOW HITPOINT WARNING * * *
You barely miss the shadow imp. Your bite misses the shadow imp.
The shadow imp is heavily wounded.
The shadow imp hits you.
* * * LOW HITPOINT WARNING * * *
You hit the shadow imp.
The shadow imp is poisoned.
The shadow imp is heavily wounded.
The shadow imp hits you.
You die...

.####.##.#.##########
.####.##........[...#
>.g.g.##.#.#######.##
########.#.# #...# #
#.......g# #.### #
#.######g# #.# ).#.##
#)# ##.#### #.#..#
#.# #..5.<# #.##.#
#.# #.@####
##.#####.# #..#
#.......####..#
#####.........#
#...#.######.##
#.#..........#
#r####.####### #. #.#
#.####.#


You could see a shadow imp (invisible).

Vanquished Creatures
  2 gnolls (D:2)
  3 dart slugs (D:1)
  2 bats (D:1)
  A giant cockroach (D:1)
  2 goblins (D:1)
  5 kobolds
  A ball python (D:1)
  4 frilled lizards
  3 rats
23 creatures vanquished.

Notes
Turn   | Place    | Note
-------+----------+-------------------------------------------
     0 | D:1      | Gorglomux the Vampire Chaos Knight began the quest for the Orb.
     0 | D:1      | Reached XP level 1. HP: 17/17 MP: 1/1
   269 | D:1      | Reached XP level 2. HP: 23/23 MP: 2/2
   283 | D:1      | Reached skill level 1 in Stealth
   835 | D:1      | XOM: cloud trail
   968 | D:2      | Reached XP level 3. HP: 28/28 MP: 3/3
   971 | D:2      | Reached skill level 3 in Stealth
   988 | D:2      | XOM: summons friendly crimson imp
  1002 | D:2      | XOM: mild Summ miscast
  1008 | D:2      | Slain by a shadow imp

Vault maps used:
D:1:      dpeg_arrival_circle_labyrinth_a, serial_bayou_ford_a
D:2:      lemuel_doored_altar, first_bread, cheibrodos_gnoll_hut

Skill      XL: |  1  2  3 |
---------------+----------+-----
Stealth        | 2 3 |  3.0
Fighting       | |  2.6
Short Blades   | |  3.8
Armour         | |  0.7
Dodging        | |  2.9

Action                   || total
-------------------------++-------
Melee: Short sword       ||    57
       Bite              ||     3
       Unarmed           ||     1
 Abil: End Transformatio ||     1
       Bat Form          ||     1
 Stab: Sleeping          ||     2
       Paralysed         ||     1
Armor: Leather armour    ||     8
Dodge: Dodged            ||    33
